 Dungeon Crawl Stone Soup version 0.22-a0-185-ge330310 (webtiles) character file.

111 vishdafish the Skirmisher (level 4, -3/36 HPs)
             Began as a Demonspawn Fighter on Feb 15, 2018.
             Slain by Crazy Yiuf
             ... wielding a +2 quarterstaff of chaos
              (4 damage)
             ... on level 2 of the Dungeon.
             The game lasted 00:02:00 (2019 turns).

vishdafish the Skirmisher (Demonspawn Fighter)      Turns: 2019, Time: 00:02:00

Health: -3/36      AC:  9    Str: 21    XL:     4   Next: 62%
Magic:  13/13      EV:  2    Int: 10    God:
Gold:   94         SH:  0    Dex: 13    Spells: 3/3 levels left

rFire    + . .     SeeInvis .   a - +0 long sword
rCold    + . .     Gourm    .   c - +0 shield
rNeg     + + +     Faith    .   b - +0 scale mail
rPois    ∞         Spirit   .   (no helmet)
rElec    .         Reflect  .   s - scarf {rC+ rF+}
rCorr    .         Harm     .   t - +0 pair of gloves
MR       .....                  (no boots)
Stlth    ..........             n - amulet of regeneration
HPRegen  0.52/turn              m - ring of magical power
MPRegen  0.13/turn              (no ring)

@: mighty, lethally poisoned (-3 -> -3), petrified
A: claws 1, rugged brown scales 1
a: no special abilities


You were on level 2 of the Dungeon.
You were very hungry.

You visited 1 branch of the dungeon, and saw 2 of its levels.

You collected 94 gold pieces.

Inventory:

Hand Weapons
 a - a +0 long sword (weapon)
Armour
 b - a +0 scale mail (worn)
 c - a +0 shield (worn)
 s - a scarf of resistance (worn)
 t - a +0 pair of gloves (worn)
Jewellery
 m - a ring of magical power (left hand)
 n - an amulet of regeneration (around neck)
Scrolls
 e - a scroll of enchant armour {unknown}
 g - 2 scrolls of amnesia {unknown}
 i - 2 scrolls of magic mapping {unknown}
 j - 2 scrolls of identify {unknown}
 l - 2 scrolls of remove curse {unknown}
 r - a scroll of immolation {unknown}
 u - a scroll of teleportation {unknown}
Potions
 h - a potion of haste {unknown}
 k - a potion of brilliance {unknown}
 o - a potion of degeneration {unknown}
 p - a potion of curing {unknown}
 q - a potion of experience {unknown}
Comestibles
 f - 3 rations


   Skills:
 + Level 3.5 Fighting
 * Level 3.1 Long Blades
 + Level 3.2 Armour
 + Level 3.3 Shields


You had 3 spell levels left.
You didn't know any spells.

Dungeon Overview and Level Annotations

Branches:
Dungeon (2/15)

Altars:
Cheibriados
Hepliaklqana

Annotations:
D:2 Crazy Yiuf


Innate Abilities, Weirdness & Mutations

You have sharp fingernails.
You are partially covered in rugged brown scales. (AC +1, +3% HP)


Message History

You feel very mighty all of a sudden.
Crazy Yiuf sings, "Trees, trees, trees, circus!"
Crazy Yiuf hits you with a quarterstaff of chaos.
* * * LOW HITPOINT WARNING * * *
Crazy Yiuf hits you with a quarterstaff of chaos.
* * * LOW HITPOINT WARNING * * *
Your limbs are stiffening.
Your shield prevents you from hitting Crazy Yiuf.
Crazy Yiuf is severely wounded.
Crazy Yiuf hits you with a quarterstaff of chaos!
* * * LOW HITPOINT WARNING * * *
You are lethally poisoned!
You have turned to stone.
You are feeling very hungry.
Crazy Yiuf hits you with a quarterstaff of chaos.
* * * LOW HITPOINT WARNING * * *
Crazy Yiuf hits you with a quarterstaff of chaos!
* * * LOW HITPOINT WARNING * * *
You are electrocuted!
You die...

#........##...#.#......
#.............._.......
############..#.#......
#........... #####
######...... #)..#
############ #...#
#........... #.g.#
#.########## #@# #.#
♣.♣♣ #.# ♣♣.♣ #.# ♣.♣♣
#.# ♣♣.♣ #.# ♣♣.♣♣ #.#
♣♣...♣ #.# ♣....♣ #.#
##..## #.#


You could see Crazy Yiuf.

Vanquished Creatures
  4 adders (D:2)
  2 oozes (D:2)
  A worm (D:2)
  4 dart slugs
  3 leopard geckos (D:1)
  5 bats
  3 giant cockroaches
  7 goblins
  5 hobgoblins
  3 jackals (D:2)
  2 ball pythons (D:1)
  2 frilled lizards (D:2)
  5 kobolds
  6 rats
52 creatures vanquished.

Notes
Turn   | Place    | Note
-------+----------+-------------------------------------------
     0 | D:1      | vishdafish the Demonspawn Fighter began the quest for the Orb.
     0 | D:1      | Reached XP level 1. HP: 18/18 MP: 1/1
    76 | D:1      | Gained mutation: You are partially covered in rugged brown scales. (AC +1, +3% HP) [demonic ancestry]
    76 | D:1      | Reached XP level 2. HP: 18/24 MP: 2/2
   305 | D:1      | Found a snail-covered altar of Cheibriados.
   776 | D:1      | Reached XP level 3. HP: 27/29 MP: 3/3
  1267 | D:2      | Found a hazy altar of Hepliaklqana.
  1303 | D:2      | Gained mutation: You have sharp fingernails. [demonic ancestry]
  1303 | D:2      | Reached XP level 4. HP: 20/36 MP: 4/4
  1850 | D:2      | Found a runed door.
  2007 | D:2      | Noticed Crazy Yiuf
  2019 | D:2      | HP: 1/36 [Crazy Yiuf/quarterstaff of chaos (4)]
  2019 | D:2      | Slain by Crazy Yiuf

Vault maps used:
D:1:      nzn_arrival_settlement, cheibriados_altar_1
D:2:      lemuel_crystal_altar, uniq_crazy_yiuf_cottage

Skill      XL: |  1  2  3  4 |
---------------+-------------+-----
Long Blades    | 2 3 |  3.1
Armour         | 3 |  3.2
Shields        | 3 |  3.3
Fighting       | |  3.5

Action                   |  1- 3 |  4- 6 || total
-------------------------+-------+-------++-------
Melee: Long sword        |   135 |    65 ||   200
  Use: Potion            |       |     1 ||     1
  Eat: Chunk             |     1 |     2 ||     3
Armor: Scale mail        |    86 |    38 ||   124
Dodge: Dodged            |    56 |    21 ||    77
Block: Shield            |    69 |    45 ||   114
       Rpst.: Long sword |    15 |     7 ||    22

Table legend:
 A = Spawn XP
 B = Non-spawn XP
 C = Spawn XP percentage of total XP
 D = Spawn monster count
 E = Non-spawn monster count
 F = Spawn count percentage of total count
 G = Total turns spent on level
                    A         B        C        D         E        F      G
               +---------+---------+-------+---------+---------+-------+---------
         Total |       0 |     159 |   0.0 |       0 |      52 |   0.0 |  2019
               +---------+---------+-------+---------+---------+-------+---------
           D:1 |       0 |      45 |   0.0 |       0 |      22 |   0.0 |  1049
           D:2 |       0 |     114 |   0.0 |       0 |      30 |   0.0 |   970
               +---------+---------+-------+---------+---------+-------+---------
